 Dungeon Sprint DCSS version 0.30.1-4-g462c640d31 (webtiles) character file.

Game seed: 9881977710509032943

11132 Heoruswealwe the Imperceptible (level 11, -8/48 HPs)
             Began as a Spriggan Artificer on Aug 29, 2023.
             Was an Initiate of Gozag.
             Engulfed by a cloud of freezing vapour (23 damage)
             ... in the Dungeon (Sprint I: "Red Sonja").
             The game lasted 00:28:24 (1482 turns).

Heoruswealwe the Imperceptible (Spriggan Artificer) Turns: 1482, Time: 00:28:25

Health: -8/48      AC:  2    Str:  8    XL:     11   Next: 45%
Magic:  21/21      EV: 32    Int: 11    God:    Gozag
Gold:   1230       SH:  0    Dex: 20    Spells: 10/10 levels left

rFire   + + .        a - +3 short sword (venom)
rCold   . . .        (no shield)
rNeg    . . .        c - +0 robe of Yged {rF+ rC+}
rPois   +            (helmet restricted)
rElec   +            (no cloak)
rCorr   +            (gloves unavailable)
SInv    +            (boots unavailable)
Will    +....        (no amulet) Stlth *+++++++++
                     k - ring of Hoehar {Fly rF+ rC- rCorr SInv}
HPRegen 0.28/turn    j - ring "Enin" {rElec rPois MP+9 Int-2 Stlth+}
MPRegen 0.17/turn

%: no teleportation
@: flying, very quick
A: very small, no large weapons, unfitting armour, see invisible, speed 3
a: Renounce Religion, Potion Petition, Call Merchant, Bribe Branch


You were in the Dungeon.
You worshipped Gozag.
Gozag was most pleased with you.
You visited 1 branch You collected 5035 gold pieces.
You spent 3115 gold pieces at shops.
You donated 29 gold pieces to Zin.
You paid 661 gold pieces to Gozag.

Inventory:

Hand Weapons
 a - a +3 short sword of venom (weapon)
Armour
 c - the +0 robe of Yged (worn) {rF+ rC+}
   (You bought it in a shop in the Dungeon)

   rF:        It protects you from fire.
   rC:        It protects you from cold.
Jewellery
 j - the ring "Enin" (right hand) {rElec rPois MP+9 Int-2 Stlth+}
   (You bought it in a shop in the Dungeon)

   [ring of magical power]

   Int:       It affects your intelligence (-2).
   rElec:     It insulates you from electricity.
   rPois:     It protects you from poison.
   MP:        It affects your magic capacity (+9).
   Stlth:     It makes you more stealthy.
 k - the ring of Hoehar (left hand) {Fly rF+ rC- rCorr SInv}
   (You bought it in a shop in the Dungeon)

   [ring of flight]

   rF:        It protects you from fire.
   rC:        It makes you vulnerable to cold.
   SInv:      It lets you see invisible.
   Fly:       It grants you flight.
   rCorr:     It protects you from acid and corrosion.
Wands
 b - a wand of flame (13) (quivered)
 d - a wand of charming (12)
 e - a wand of iceblast (2)
 l - a wand of mindburst (11)
Scrolls
 m - a scroll of fog
 n - a scroll of acquirement
 r - a scroll of silence
 s - a scroll of poison
 w - 2 scrolls of enchant weapon
 z - 2 scrolls of enchant armour
 B - a scroll of blinking
Potions
 f - 6 potions of curing
 g - 3 potions of heal wounds
 h - a potion of haste
 i - 3 potions of magic
 o - a potion of ambrosia
 p - a potion of berserk rage
 q - a potion of invisibility {unknown}
 t - a potion of might
 x - 2 potions of flight
 A - a potion of lignification
Miscellaneous
 u - a condenser vane


   Skills:
 - Level 0.7 Fighting
 + Level 17.0 Dodging
 * Level 26.5 Stealth
 * Level 23.0 Evocations


You had 10 spell levels left.
You didn't know any spells.
Your spell library was empty.

Dungeon Overview and Level Annotations

Branches:
Dungeon (1/1)

Altars:
Cheibriados
Dithmenos
Elyvilon
Fedhas
Gozag
Hepliaklqana
Kikubaaqudgha
Makhleb
Nemelex Xobeh
Okawaru
Qazlal
Ru
Sif Muna
Trog
Uskayaw
Vehumet
Wu Jian
Xom
Yredelemnul
Zin
The Shining One
Jiyva
Lugonu

Shops:
D :=(=(!(:*:[[(**[[*[*


Innate Abilities, Weirdness & Mutations

You are very small and have problems with some larger weapons.
You are too small for most types of armour.
You have supernaturally acute eyesight. (SInv)
You cover ground extremely quickly. (Speed+++)


Message History

You now have 933 gold pieces (gained 27).
The meliai calls down the wrath of its god upon you.
Something smites you!
You see here 27 gold pieces.
You now have 960 gold pieces (gained 27).
You see here 27 gold pieces.
You now have 987 gold pieces (gained 27).
You reach down and open the door.
The meliai invokes the aid of its god against you.
Something smites you!
Found a potion of heal wounds.
There is an open door here.
g - 3 potions of heal wounds (gained 1)
You start resting.
HP restored.
There is an open door here.
You reach down and open the large door.
Found 405 gold pieces and a club.
Found 108 gold pieces.
There is a large open door here.
Found 27 gold pieces.
You reach down and close the large door.
Found 108 gold pieces.
You now have enough gold to fund merchants seeking to open stores in the dungeon.
You now have 1014 gold pieces (gained 27).
Found 162 gold pieces.
You now have 1041 gold pieces (gained 27).
Found 81 gold pieces.
You now have 1068 gold pieces (gained 27).
You now have 1095 gold pieces (gained 27).
You are engulfed in freezing vapours.
You now have 1122 gold pieces (gained 27).
You now have 1149 gold pieces (gained 27).
You now have 1176 gold pieces (gained 27).
You now have 1203 gold pieces (gained 27).
You are engulfed in freezing vapours.
You now have 1230 gold pieces (gained 27).
You are engulfed in freezing vapours.
You die...
Your body crumbles into a pile of gold.

§#..##+####...#y#,**$$$*,,**$$$$*
.+..#....°#...###,,***$*,,~***+**
§#..#...°.+.....#*,*,*$*,,~,,*,**
###'###°☼.#.....#,,***$*,,~,**+*,
###.+.#○°.###++##,**,,$*,,~**,,,,
#(###.#.°###..##*,,*+***,,~*,,,,,
'.∩##.#○.#*##$.###,,,*,~,,**,,,,,
#####.##+#$°#).#.###,*,~,,*,,,,,,
...##.##.#$$$$$.@☼°#,***,,*,,,,,,
....+§####$$$$$$○°.#,*,+,,**,,,,,
#####§#,$+$$$$$$####+*,**+**$$$$$
....#§#**##$$$###,,,,*,*~~~**$$$$
...#+§#,,,#####,,,****,*~~~~**,$$
..~####$,,,,,,,,***,,,,*~~~~~****
.~~#*$,,,,,,*****,,,^****~~~~*~~~
~~##*,,,,,,**,,,,,,^,*$$*'~~~'~~,
### *,,,,,**,,,,^,,,^*$$$**~~*~~~


There were no monsters in sight!

Vanquished Creatures
  A lorocyproca (D)
  2 centaur warriors (D)
  Sonja (D)
  A deep troll (D)
  An oklob plant (D)
  8 shining eyes (D)
  4 demonic crawlers (D)
  A gargoyle (D)
  2 unseen horrors (D)
  2 kobold demonologists (D)
  A hornet (D)
  A slime creature (D)
  Sigmund (D)
  A yak (D)
  2 redbacks (D)
  6 floating eyes (D)
  An ogre (D)
  6 necrophages (D)
  6 jellies (D)
  Ijyb (D)
49 creatures vanquished.

Vanquished Creatures (others)
  A gargoyle (D)
  A necrophage (D)
  2 jellies (D)
  2 ballistomycete spores (D)
6 creatures vanquished.

Grand Total: 55 creatures vanquished

Notes
Turn   | Place    | Note
-------+----------+-------------------------------------------
     0 | D        | Heoruswealwe the Spriggan Artificer began the quest for the
                  | Orb.
     0 | D        | Reached XP level 1. HP: 9/9 MP: 2/2
     1 | D        | Noticed Ijyb
     3 | D        | Killed Ijyb
     4 | D        | Reached skill level 5 in Stealth
     4 | D        | Reached XP level 2. HP: 14/14 MP: 3/3
    11 | D        | Noticed an ogre
    18 | D        | Killed an ogre
    19 | D        | Reached skill level 9 in Stealth
    19 | D        | Reached XP level 3. HP: 17/17 MP: 4/4
    19 | D        | Reached XP level 4. HP: 21/21 MP: 5/5
    31 | D        | Noticed Sigmund
    34 | D        | Killed Sigmund
    35 | D        | Reached skill level 12 in Stealth
    35 | D        | Reached XP level 5. HP: 25/25 MP: 6/6
    46 | D        | Found an ornate altar of the Wu Jian Council.
    46 | D        | Found a shimmering blue altar of Sif Muna.
    48 | D        | Found a radiant altar of Vehumet.
    49 | D        | Identified the +0 flail of the Tent {drain, rPois rF-
                  | Dex+4}
    53 | D        | Reached XP level 6. HP: 29/29 MP: 7/7
    83 | D        | Found Beunatz's Jewellery Emporium.
    83 | D        | Found an ancient bone altar of Kikubaaqudgha.
    83 | D        | Found a hazy altar of Hepliaklqana.
    83 | D        | Found a stormy altar of Qazlal.
    83 | D        | Found a hide-covered altar of Uskayaw.
    83 | D        | Found a blossoming altar of Fedhas.
    83 | D        | Found a bloodstained altar of Trog.
    83 | D        | Found an iron altar of Okawaru.
    83 | D        | Found a basalt altar of Yredelemnul.
    83 | D        | Found a glowing golden altar of the Shining One.
    83 | D        | Found a snail-covered altar of Cheibriados.
    83 | D        | Found a sacrificial altar of Ru.
    83 | D        | Found a glowing silver altar of Zin.
    83 | D        | Found a shadowy altar of Dithmenos.
    83 | D        | Found a white marble altar of Elyvilon.
    83 | D        | Noticed a yak
    84 | D        | Found an opulent altar of Gozag.
    85 | D        | Killed a yak
    86 | D        | Reached skill level 13 in Stealth
    86 | D        | Found a sparkling altar of Nemelex Xobeh.
    91 | D        | Became a worshipper of Zin the Law-Giver
    91 | D        | Reached * piety under Zin
    91 | D        | Reached ** piety under Zin
    91 | D        | Reached *** piety under Zin
    91 | D        | Reached **** piety under Zin
    91 | D        | Reached ***** piety under Zin
    91 | D        | Reached ****** piety under Zin
   100 | D        | Noticed Sonja
   104 | D        | Killed Sonja
   105 | D        | Reached skill level 10 in Dodging
   105 | D        | Reached skill level 16 in Stealth
   105 | D        | Reached XP level 7. HP: 32/32 MP: 8/8
   121 | D        | Found Oleokeut's Book Boutique.
   130 | D        | Noticed a shining eye
   130 | D        | Noticed a shining eye
   130 | D        | Noticed a shining eye
   131 | D        | Noticed a shining eye
   131 | D        | Noticed a shining eye
   131 | D        | Noticed a shining eye
   133 | D        | Reached XP level 8. HP: 37/37 MP: 9/9
   133 | D        | Noticed a shining eye
   133 | D        | Noticed a shining eye
   136 | D        | Reached skill level 17 in Stealth
   136 | D        | Reached skill level 15 in Evocations
   143 | D        | Killed a shining eye
   144 | D        | Reached skill level 18 in Stealth
   149 | D        | Killed a shining eye
   150 | D        | Reached skill level 19 in Stealth
   150 | D        | Reached XP level 9. HP: 40/40 MP: 10/10
   158 | D        | Killed a shining eye
   159 | D        | Reached skill level 20 in Stealth
   235 | D        | Killed a shining eye
   298 | D        | Killed a shining eye
   299 | D        | Reached skill level 21 in Stealth
   389 | D        | Killed a shining eye
   460 | D        | Killed a shining eye
   461 | D        | Reached skill level 22 in Stealth
   461 | D        | Reached XP level 10. HP: 44/44 MP: 11/11
   509 | D        | Killed a shining eye
   527 | D        | Found Maqah's Assorted Antiques.
   527 | D        | Found Boefresko's Jewellery Emporium.
   527 | D        | Found Tiymp's Antique Weapon Boutique.
   528 | D        | Found Dounipai's Magic Scroll Shoppe.
   531 | D        | Bought a scroll of identify for 20 gold pieces
   531 | D        | Bought a scroll of identify for 20 gold pieces
   531 | D        | Bought a scroll of identify for 20 gold pieces
   542 | D        | Bought a silvery potion for 20 gold pieces
   542 | D        | Bought a murky amethyst potion for 20 gold pieces
   542 | D        | Bought a bubbling golden potion for 20 gold pieces
   571 | D        | Fell from the grace of Zin
   571 | D        | Became a worshipper of Gozag Ym Sagoz the Greedy
   614 | D        | Noticed a deep troll
   618 | D        | Killed a deep troll
   629 | D        | Found Giod's Armour Emporium.
   667 | D        | Found a burning altar of Makhleb.
   667 | D        | Found a viscous altar of Jiyva.
   667 | D        | Found a shimmering altar of Xom.
   667 | D        | Found a corrupted altar of Lugonu.
   671 | D        | Reached skill level 23 in Stealth
   686 | D        | Paralysed by a floating eye for 4 turns
   697 | D        | Paralysed by a floating eye for 2 turns
   731 | D        | Noticed a centaur warrior
   731 | D        | Noticed a centaur warrior
   737 | D        | Killed a centaur warrior
   738 | D        | Reached skill level 15 in Dodging
   738 | D        | Killed a centaur warrior
   739 | D        | Reached skill level 24 in Stealth
   781 | D        | Noticed an oklob plant
   783 | D        | Killed an oklob plant
   797 | D        | Reached XP level 11. HP: 48/48 MP: 12/12
   842 | D        | Reached skill level 25 in Stealth
   955 | D        | Found Fetezat's Weapon Shoppe.
   956 | D        | Found Suucug's Book Boutique.
   965 | D        | Identified the +5 scale mail of Day {rPois}
   971 | D        | Found Yranoff's Distillery.
   973 | D        | Found Wikkoawito's Assorted Antiques.
   973 | D        | Found Quginurgh's Book Shop.
   973 | D        | Found Pyblev's Armour Shoppe.
   973 | D        | Found Osuag's Antique Armour Boutique.
   973 | D        | Found Covyah's Weapon Emporium.
   973 | D        | Found Ginyschu's Assorted Antiques.
   973 | D        | Found Nunuc's Assorted Antiques.
   974 | D        | Found Kyepp's Antique Armour Boutique.
   975 | D        | Found Yrataor's General Store.
   975 | D        | Found Nugoe's Antique Armour Boutique.
   976 | D        | Found Unuckucke's General Store.
   986 | D        | Bought a condenser vane for 400 gold pieces
   987 | D        | Bought an opalescent robe for 119 gold pieces
   987 | D        | Identified the +0 robe of Yged {rF+ rC+} (You bought it in
                  | a shop in the Dungeon)
   988 | D        | Bought a scroll of identify for 20 gold pieces
   988 | D        | Bought a scroll of enchant weapon for 75 gold pieces
   990 | D        | Bought a white potion for 23 gold pieces
   990 | D        | Bought a white potion for 23 gold pieces
   991 | D        | Bought a pearl ring for 95 gold pieces
   991 | D        | Bought a scroll labelled USSUYFE NYZYM for 19 gold pieces
   991 | D        | Bought a gluggy clear potion for 17 gold pieces
   991 | D        | Bought a scroll labelled USSUYFE NYZYM for 19 gold pieces
   996 | D        | Bought a scroll of identify for 46 gold pieces
   996 | D        | Bought a steaming wooden ring for 115 gold pieces
   996 | D        | Identified the ring of Hoehar {Fly rF+ rC- rCorr SInv} (You
                  | bought it in a shop in the Dungeon)
   996 | D        | Bought a scroll of identify for 46 gold pieces
   996 | D        | Bought a scroll of enchant weapon for 172 gold pieces
  1148 | D        | Bought a scroll of magic mapping for 75 gold pieces
  1148 | D        | Bought a scroll of fog for 40 gold pieces
  1148 | D        | Bought a scroll of acquirement for 520 gold pieces
  1161 | D        | Bought a potion of magic for 184 gold pieces
  1161 | D        | Bought 2 scrolls of identify for 92 gold pieces
  1161 | D        | Bought a robe for 16 gold pieces
  1161 | D        | Bought a scroll of identify for 46 gold pieces
  1161 | D        | Bought a scroll of identify for 46 gold pieces
  1195 | D        | Bought a +3 short sword of venom for 309 gold pieces
  1224 | D        | Bought the ring "Enin" {rElec rPois MP+9 Int-2 Stlth+} for
                  | 478 gold pieces
  1304 | D        | Reached skill level 26 in Stealth
  1344 | D        | Noticed a lorocyproca
  1351 | D        | Killed a lorocyproca
  1482 | D        | Engulfed by a cloud of freezing vapour

Illustrated notes

Levels and vault maps discovered:
D:        dungeon_sprint_1 [red_sonja_temple_1, red_sonja_temple_small_1]

Skill      XL: |  1  2  3  4  5  6  7  8  9 10 11 |
---------------+----------------------------------+-----
Dodging        | 4 6 7 8 10 12 14 15 17 | 17.0
Stealth        | 5 9 12 16 19 22 24 26 | 26.5
Evocations     | 6 8 11 14 17 19 21 23 | 23.0
Fighting       | |  0.7

Action                     |  1- 3 |  4- 6 |  7- 9 | 10-12 || total
---------------------------+-------+-------+-------+-------++-------
  Melee: Dagger            |     1 |     4 |   291 |    97 ||   393
         Punch             |       |       |     8 |     3 ||    11
         Short sword       |       |       |       |     6 ||     6
 Invoke: Call Merchant     |       |       |       |     1 ||     1
  Evoke: Wand              |     3 |       |       |    15 ||    18
    Use: Scroll            |       |       |       |    11 ||    11
   Stab: Sleeping          |     1 |     4 |     7 |    19 ||    31
         Distracted        |       |       |       |     1 ||     1
 Armour: Robe              |       |       |       |     1 ||     1
  Dodge: Dodged            |     1 |       |       |    22 ||    23
